[Event "Titled Tuesday Blitz September 27 Early 2022"]
[White "Kuchava, Ana"]
[Black "Salman, Pavel"]
[WhiteFideId "13605348"]
[BlackFideId "24153753"]
[WhiteElo "1955"]
[BlackElo "2039"]
[Result "0-1"]
[Round "09"]
[TimeControl "180+1"]
[Date "2022.09.27"]
[WhiteClock "0:00:04"]
[BlackClock "0:00:11"]

1. d4 Nf6 2. Nf3 c5 3. d5 g6 4. c4 b5 5. cxb5 a6 6. b6 Bg7 7. Nc3 d6 8. e4 O-O 9. Bd3 Nbd7 10. O-O Qxb6 11. Qc2 Ng4 12. Bf4 Rb8 13. Rab1 Nde5 14. Nxe5 Nxe5 15. h3 Nxd3 16. Qxd3 a5 17. Rfe1 Ba6 18. Qc2 Qb4 19. Bg5 Rb7 20. Bd2 Rfb8 21. Nd1 Qb6 22. Bc3 Qc7 23. Bxg7 Kxg7 24. Qc3+ f6 25. Rc1 Rb4 26. f4 Qd7 27. Rc2 Rc4 28. Qd2 Rbb4 29. Rxc4 Rxc4 30. b3 Rd4 31. Qxa5 Bd3 32. Nc3 f5 33. e5 dxe5 34. Rxe5 Qd6 35. Qa7 Kf7 36. Kh2 Rxf4 37. Re6 Qd8 38. Qb6 Qxb6 39. Rxb6 Rd4 40. a4 Be4 41. a5 Bxd5 42. Nxd5 Rxd5 43. a6 Rd2 44. a7 Ra2 45. Rb7 Kf6 46. Rc7 e6 47. Rxh7 g5 48. Rc7 f4 49. Rxc5 Rxa7 50. Rc2 Rb7 51. Rb2 Ke5 52. Kg1 Rb4 53. Kf2 Kd4 54. Kf3 e5 55. Rd2+ Kc3 56. Rd5 e4+ 57. Kg4 e3 58. Kf3 Rxb3 59. Rxg5 Rb2 60. Kxf4 e2 61. Re5 Kd2 62. Rd5+ Kc1 63. Re5 Kd1 64. Rd5+ Rd2 65. Re5 e1=Q 66. Rxe1+ Kxe1 67. g4 Rh2 68. Kg3 Rh1 69. h4 Ke2 70. h5 Ke3 71. g5 Ke4 72. Kg4 Ke5 73. g6 Kf6 74. Kf4 Rxh5 0-1


[Site "https://www.chess.com"]

[Event "Titled Tuesday Blitz September 27 Early 2022"]
[White "Kukula, Pawel"]
[Black "Moaataz, Ayah"]
[WhiteFideId "1115081"]
[BlackFideId "10615873"]
[WhiteElo "2062"]
[BlackElo "1993"]
[Result "1-0"]
[Round "09"]
[TimeControl "180+1"]
[Date "2022.09.27"]
[WhiteClock "0:00:32"]
[BlackClock "0:00:18"]

1. c4 c6 2. b3 d5 3. Bb2 Nf6 4. e3 g6 5. Bxf6 exf6 6. Nc3 d4 7. exd4 Qxd4 8. Nf3 Qd8 9. d4 Bg7 10. Be2 O-O 11. O-O f5 12. Re1 f4 13. Bf1 g5 14. Ne5 c5 15. dxc5 Qa5 16. Nb5 a6 17. Nd6 Qxc5 18. Nexf7 Rxf7 19. Nxf7 Kxf7 20. Qh5+ Kf6 21. Rad1 Bf5 22. Rd5 Qc7 23. Bd3 Bg6 24. Qxg5+ Kf7 25. Bf5 Bf6 26. Qh6 Bg7 27. Qh3 Bxf5 28. Qxf5+ Kg8 29. Re8+ 1-0


[Site "https://www.chess.com"]

[Event "Titled Tuesday Blitz September 27 Early 2022"]
[White "Kvon, Andrey"]
[Black "Shandrygin, Nikita"]
[WhiteFideId "14201356"]
[BlackFideId "24198668"]
[WhiteElo "2458"]
[BlackElo "2323"]
[Result "1-0"]
[Round "09"]
[TimeControl "180+1"]
[Date "2022.09.27"]
[WhiteClock "0:00:45"]
[BlackClock "0:00:10"]

1. d4 Nf6 2. c4 e6 3. Nf3 d5 4. Nc3 Be7 5. Bf4 O-O 6. Rc1 c6 7. e3 b6 8. cxd5 exd5 9. Bd3 Nbd7 10. Ne5 Nxe5 11. dxe5 Nd7 12. h4 Nc5 13. Bb1 Ne6 14. Bg5 Bd7 15. Qf3 g6 16. Bf6 Bxf6 17. exf6 Re8 18. h5 g5 19. Qf5 Kf8 20. Rd1 h6 21. Ne4 dxe4 22. Rxd7 Qxd7 23. Qh7 1-0


[Site "https://www.chess.com"]

[Event "Titled Tuesday Blitz September 27 Early 2022"]
[White "Lahdelma, Henri"]
[Black "Gabdrakhmanov, Azat"]
[WhiteFideId "510394"]
[BlackFideId "34189197"]
[WhiteElo "2210"]
[BlackElo "2233"]
[Result "1/2-1/2"]
[Round "09"]
[TimeControl "180+1"]
[Date "2022.09.27"]
[WhiteClock "0:00:32"]
[BlackClock "0:00:04"]

1. d4 Nf6 2. c4 g6 3. Nf3 Bg7 4. g3 O-O 5. Bg2 d6 6. O-O c5 7. Nc3 Nc6 8. e4 cxd4 9. Nxd4 Bd7 10. Be3 a6 11. h3 Rc8 12. Rc1 Qa5 13. b3 Rfe8 14. a4 Qb4 15. Re1 Nxd4 16. Bxd4 Be6 17. Nd5 Bxd5 18. exd5 Nd7 19. Bxg7 Kxg7 20. Re3 b5 21. axb5 axb5 22. Bf1 bxc4 23. Qd4+ Kg8 24. bxc4 Ra8 25. Rce1 Qc5 26. Qxc5 Nxc5 27. Rxe7 Reb8 28. R7e3 Kf8 29. h4 Ra2 30. R3e2 Ra4 31. Rc2 Ra3 32. Kg2 h5 33. Rec1 Re8 34. Rc3 Ra2 35. R3c2 Ra4 36. Rb1 Ra3 37. Rbb2 Ra1 38. Ra2 Rd1 39. Re2 Re1 40. Rxe8+ Kxe8 41. Ra7 Rc1 42. Be2 Rc2 43. Kf1 Ne4 44. Ra3 Nd2+ 45. Ke1 Nxc4 46. Ra8+ Ke7 47. Rc8 Na3 48. Ra8 Nc4 49. Rc8 Na3 50. Ra8 Nc4 1/2-1/2


[Site "https://www.chess.com"]

[Event "Titled Tuesday Blitz September 27 Early 2022"]
[White "Levitan, Caleb Levi"]
[Black "Rosenberg, Evan S"]
[WhiteFideId "14332620"]
[BlackFideId "2019299"]
[WhiteElo "1811"]
[BlackElo "2373"]
[Result "0-1"]
[Round "09"]
[TimeControl "180+1"]
[Date "2022.09.27"]
[WhiteClock "0:00:01"]
[BlackClock "0:00:19"]

1. b3 e5 2. Bb2 Nc6 3. g3 d5 4. Bg2 Be6 5. e3 Bd6 6. Ne2 Nf6 7. d4 e4 8. c4 dxc4 9. bxc4 Bxc4 10. Nd2 Bd3 11. O-O O-O 12. Re1 Re8 13. Nc1 Nb4 14. Bf1 Nc2 15. Nxd3 exd3 16. Bxd3 Nxe1 17. Qxe1 Qd7 18. Qf1 c6 19. e4 Bb4 20. Nc4 b5 21. Ne5 Qd6 22. a4 a6 23. Rc1 c5 24. axb5 cxd4 25. Nc4 Qe6 26. e5 Ng4 27. bxa6 Nxe5 28. Nxe5 Qxe5 29. Bb5 Red8 30. Qd3 Bc3 31. Bxc3 dxc3 32. Qf1 Rab8 33. a7 Rxb5 0-1


[Site "https://www.chess.com"]

[Event "Titled Tuesday Blitz September 27 Early 2022"]
[White "Lewtak, Damian"]
[Black "Zelbel, Patrick"]
[WhiteFideId "1141724"]
[BlackFideId "24624322"]
[WhiteElo "2329"]
[BlackElo "2474"]
[Result "1-0"]
[Round "09"]
[TimeControl "180+1"]
[Date "2022.09.27"]
[WhiteClock "0:00:08"]
[BlackClock "0:00:19"]

1. e4 e5 2. Nf3 Nc6 3. Bb5 a6 4. Ba4 f5 5. d3 fxe4 6. dxe4 Nf6 7. O-O d6 8. Nc3 Be7 9. h3 O-O 10. Bg5 Kh8 11. Qd3 Bd7 12. Rad1 Qe8 13. Qe3 Qh5 14. Nh2 Rae8 15. Bxc6 Bxc6 16. f3 Bd8 17. Bxf6 gxf6 18. Nd5 f5 19. exf5 Qxf5 20. Qe2 Rg8 21. Kh1 h5 22. c4 Bd7 23. Qe4 Qf7 24. Rd2 Bf5 25. Qe1 Qe6 26. b3 Bg5 27. Re2 Bd3 28. Qd1 Bxe2 29. Qxe2 Qf7 30. Qe4 c6 31. Nc3 Bf4 32. Rd1 Qg6 33. Qe2 Rd8 34. Nf1 h4 35. Ne4 d5 36. Nc5 e4 37. fxe4 dxe4 38. Rxd8 Rxd8 39. Qf2 Bg3 40. Qe2 Rf8 41. Nd2 Qf6 42. Qd1 Qd4 43. Qh5+ Kg7 44. Ne6+ Kf6 45. Nxd4 Ke7 46. Qh7+ Ke8 47. Qxe4+ Kd7 48. N4f3 Re8 49. Qd3+ Kc7 50. Ne4 Bf4 51. Nxh4 Rd8 52. Qxd8+ Kxd8 53. Nf3 Kd7 54. Kg1 Ke6 55. Kf2 Bb8 56. Ke3 Ba7+ 57. Kd3 Kf5 58. Nd4+ Kf4 59. Ne6+ Ke5 60. Nd8 b5 61. Nxc6+ 1-0


[Site "https://www.chess.com"]

[Event "Titled Tuesday Blitz September 27 Early 2022"]
[White "Ljukin, Sergei"]
[Black "Poltorak, Sebastian"]
[WhiteFideId "14102200"]
[BlackFideId "1199498"]
[WhiteElo "2312"]
[BlackElo "2104"]
[Result "1-0"]
[Round "09"]
[TimeControl "180+1"]
[Date "2022.09.27"]
[WhiteClock "0:00:08"]
[BlackClock "0:00:02"]

1. e4 Nc6 2. Nf3 f5 3. exf5 d5 4. d4 Bxf5 5. Bd3 Bg4 6. h3 Bxf3 7. Qxf3 Nf6 8. c3 e5 9. dxe5 Nxe5 10. Qe2 Qe7 11. O-O Nxd3 12. Qxd3 O-O-O 13. Bf4 Qd7 14. Nd2 Bd6 15. Bxd6 Qxd6 16. Nf3 Rhe8 17. Rfe1 Ne4 18. Nd4 Qf6 19. f3 Nd6 20. Qxh7 c5 21. Nb3 Nf5 22. Rxe8 Rxe8 23. Nxc5 Qg5 24. Rd1 Nh4 25. Qc2 Nxf3+ 26. Kh1 Nh4 27. Qf2 Nf5 28. Rd3 Qc1+ 29. Kh2 Qg5 30. Rf3 g6 31. Nd3 Qe7 32. Nf4 Qd6 33. Kg1 Re4 34. Nxg6 Qxg6 35. Rxf5 Re7 36. Rf8+ Kc7 37. Qf4+ Kd7 38. Qf5+ Qxf5 39. Rxf5 Kd6 40. Rf2 Re1+ 41. Kh2 b5 42. a3 a5 43. h4 b4 44. axb4 axb4 45. cxb4 d4 46. h5 Kd5 47. g4 Ke5 48. h6 Kd5 49. g5 Re5 50. h7 Rxg5 51. h8=Q 1-0


[Site "https://www.chess.com"]

[Event "Titled Tuesday Blitz September 27 Early 2022"]
[White "Lorenzo De La Riva, Lazaro"]
[Black "Kalajzic, Ivan"]
[WhiteFideId "2268809"]
[BlackFideId "14506378"]
[WhiteElo "2325"]
[BlackElo "2163"]
[Result "0-1"]
[Round "09"]
[TimeControl "180+1"]
[Date "2022.09.27"]
[WhiteClock "0:00:01"]
[BlackClock "0:00:07"]

1. e4 Nc6 2. d4 e5 3. d5 Nce7 4. c4 Nf6 5. Nc3 Ng6 6. Nf3 Bc5 7. a3 Ng4 8. Be3 Nxe3 9. fxe3 Bxe3 10. Bd3 d6 11. Qe2 Bh6 12. g3 O-O 13. O-O Bh3 14. Rfd1 Qd7 15. Qc2 Bg4 16. Be2 f5 17. exf5 Bxf5 18. Qa4 Be3+ 19. Kg2 Bh3+ 20. Kh1 Qg4 21. Nxe5 Nxe5 22. Bxg4 Bxg4 23. Rf1 Bf2 24. h4 Bf3+ 25. Kh2 Ng4+ 26. Kh3 h5 27. Qc2 Bd4 28. Rxf3 Rxf3 29. Qe4 Rf2 30. Rh1 Be5 31. Nd1 Rd2 32. Qg6 Nf6 33. Ne3 Rxb2 34. Nf5 Ne8 35. Qe6+ Kh8 36. Qg6 Rb3 37. Qxh5+ Kg8 38. Qg6 Rf3 39. Kg4 Rf2 40. h5 Nf6+ 41. Kh3 Ne4 42. h6 Rd2 43. h7+ Kh8 44. Rf1 Rf8 45. Nh6 Nf2+ 46. Rxf2 Rdxf2 47. Qe6 R2f3 48. Ng4 Rxg3+ 49. Kh4 Rxg4+ 50. Kxg4 Rf4+ 51. Kh3 Kxh7 52. Qe8 g5 53. Qd7+ Kg6 54. Qc8 Rh4+ 55. Kg2 g4 56. Qd8 Rh2+ 57. Kf1 g3 58. Kg1 Rb2 59. Qg8+ Kf5 60. Qh7+ Kf4 61. Qh6+ Ke4 62. Qg6+ Kd4 63. Qg4+ Kc5 64. Qf3 Bd4+ 65. Kh1 g2+ 66. Kh2 g1=Q+ 67. Kh3 Qe1 68. a4 Rc2 69. a5 Rc3 70. a6 Re3 71. axb7 Rxf3+ 72. Kh2 Qf1 73. b8=Q Rh3# 0-1


[Site "https://www.chess.com"]

[Event "Titled Tuesday Blitz September 27 Early 2022"]
[White "Madaminov, Mukhiddin"]
[Black "Barria Zuniga, Daniel"]
[WhiteFideId "14210703"]
[BlackFideId "3400816"]
[WhiteElo "2106"]
[BlackElo "2414"]
[Result "1/2-1/2"]
[Round "09"]
[TimeControl "180+1"]
[Date "2022.09.27"]
[WhiteClock "0:01:05"]
[BlackClock "0:00:22"]

1. d4 d5 2. Nc3 e6 3. Bf4 a6 4. e3 Nf6 5. g4 b5 6. g5 Nfd7 7. h4 c5 8. Nf3 Nc6 9. Bg2 cxd4 10. exd4 Bb4 11. O-O Bxc3 12. bxc3 O-O 13. h5 Nb6 14. Qc1 Nc4 15. Nd2 Bb7 16. Nxc4 dxc4 17. a4 Na5 18. Bxb7 Nxb7 19. axb5 axb5 20. Rxa8 Qxa8 21. Qb2 e5 22. Bxe5 Qc8 23. Qxb5 Qg4+ 24. Bg3 Nd6 25. Qe5 Ne4 26. Re1 Nxg5 27. Re3 Nf3+ 28. Rxf3 Qxf3 29. d5 Qd1+ 30. Kg2 Qxc2 31. d6 Qd3 32. Qg5 h6 33. Qe7 Qd5+ 34. f3 Ra8 35. d7 Ra2+ 36. Bf2 Rd2 37. Qe8+ Kh7 38. d8=Q Qxd8 39. Qxf7 Qg5+ 40. Kf1 Rd1+ 41. Be1 Qd5 42. Qg6+ Kg8 43. Qe8+ Kh7 44. Qg6+ Kg8 45. Qe8+ Kh7 46. Qg6+ 1/2-1/2


[Site "https://www.chess.com"]

[Event "Titled Tuesday Blitz September 27 Early 2022"]
[White "Mahdavi, Reza"]
[Black "Babazada, Khazar"]
[WhiteFideId "12595926"]
[BlackFideId "13413554"]
[WhiteElo "2240"]
[BlackElo "2409"]
[Result "0-1"]
[Round "09"]
[TimeControl "180+1"]
[Date "2022.09.27"]
[WhiteClock "0:00:03"]
[BlackClock "0:00:04"]

1. e4 e6 2. d4 d5 3. Nc3 Bb4 4. exd5 exd5 5. Bd3 Nf6 6. Ne2 O-O 7. O-O h6 8. Bf4 Bd6 9. Qd2 c6 10. Rae1 Re8 11. f3 Be6 12. g4 Bxf4 13. Qxf4 Nbd7 14. h4 Qb8 15. Qxb8 Raxb8 16. Nf4 Nf8 17. g5 hxg5 18. hxg5 N6h7 19. Bxh7+ Nxh7 20. g6 Ng5 21. gxf7+ Kxf7 22. Re5 Nh3+ 23. Nxh3 Bxh3 24. Rfe1 Bd7 25. Rxe8 Rxe8 26. Rxe8 Bxe8 27. Kf2 Bd7 28. Ne2 b6 29. c3 Bf5 30. Kg3 Kf6 31. Kf4 g5+ 32. Ke3 c5 33. b3 a5 34. c4 dxc4 35. bxc4 Be6 36. d5 Bd7 37. Nc3 Ke5 38. Ne4 g4 39. fxg4 Bxg4 40. Nc3 Bd7 41. Nd1 Bg4 42. Nf2 Bc8 43. Nd3+ Kd6 44. Ke4 Bh3 45. Ne5 Bf1 46. a3 a4 47. Nf7+ Ke7 48. Ne5 Kd6 49. Kf5 b5 50. cxb5 Kxd5 51. b6 Ba6 52. Kf4 Kd4 53. Nc6+ Kc3 54. Ke3 Kb2 55. Kd2 c4 56. Nb4 c3+ 57. Ke3 Kxa3 58. Nc2+ Kb2 59. Nb4 c2 60. Kd4 c1=Q 61. Nxa6 Qg1+ 62. Kc4 Qxb6 63. Nc5 Qxc5+ 0-1


[Site "https://www.chess.com"]

[Event "Titled Tuesday Blitz September 27 Early 2022"]
[White "Maksimenko, Viktor"]
[Black "Sipila, Vilka"]
[WhiteFideId "13710478"]
[BlackFideId "505455"]
[WhiteElo "2269"]
[BlackElo "2329"]
[Result "1/2-1/2"]
[Round "09"]
[TimeControl "180+1"]
[Date "2022.09.27"]
[WhiteClock "0:00:04"]
[BlackClock "0:00:18"]

1. d4 f5 2. Bg5 h6 3. Bh4 g5 4. Bg3 Bg7 5. e3 c5 6. c3 Qb6 7. Qc2 cxd4 8. cxd4 Nc6 9. Bc4 e6 10. Ne2 d5 11. Bb3 Nf6 12. O-O O-O 13. Nd2 Nb4 14. Qd1 Bd7 15. Nc3 a5 16. Nf3 Ne4 17. Be5 Bb5 18. Nxb5 Qxb5 19. Bxg7 Kxg7 20. Ne5 a4 21. Bc2 Nxc2 22. Qxc2 Rac8 23. Qd1 Rc7 24. Qh5 Rf6 25. f3 Nd2 26. Rfd1 Qxb2 27. h4 gxh4 28. Qxh4 Rc2 29. Qg3+ Kh7 30. Nd3 Qc3 31. Nf4 Qxe3+ 32. Kh1 Qxd4 33. Rab1 b6 34. Rbc1 Qc3 35. Rxc2 Qxc2 36. Re1 Qc6 37. Kh2 Nc4 38. Qh4 e5 39. Nxd5 Rf7 40. Ne7 Qf6 41. Qxc4 Rxe7 42. Rd1 e4 43. fxe4 fxe4 44. Qxa4 e3 45. Qc2+ Kg7 46. Qe2 Qf2 47. Qg4+ Kh7 48. Rd6 Qf7 49. Qh4 Re6 50. Rd1 e2 51. Re1 Qf5 52. Kg1 Qc5+ 53. Qf2 Qe5 54. Qf7+ Kh8 55. Qf8+ Kh7 56. Qf7+ Kh8 57. Qf8+ Kh7 58. Qf7+ 1/2-1/2


[Site "https://www.chess.com"]

[Event "Titled Tuesday Blitz September 27 Early 2022"]
[White "Malek, Jan"]
[Black "Tomaszewski, Kacper"]
[WhiteFideId "21864080"]
[BlackFideId "1127373"]
[WhiteElo "2172"]
[BlackElo "2133"]
[Result "1-0"]
[Round "09"]
[TimeControl "180+1"]
[Date "2022.09.27"]
[WhiteClock "0:00:21"]
[BlackClock "0:00:01"]

1. c4 e6 2. Nf3 d5 3. d4 Nf6 4. Nc3 c5 5. e3 Nc6 6. a3 h6 7. dxc5 Bxc5 8. b4 Be7 9. Bb2 O-O 10. cxd5 exd5 11. Be2 Be6 12. O-O a6 13. Rc1 Rc8 14. Qd3 Qd7 15. Rfd1 Rfd8 16. Qb1 Bf5 17. Bd3 Bg4 18. Be2 Bf5 19. Qa1 Qe6 20. Na4 Bg4 21. h3 Bxf3 22. Bxf3 Qf5 23. Nb6 Rc7 24. Nxd5 Nxd5 25. e4 Qf4 26. exd5 Bd6 27. dxc6 Qh2+ 28. Kf1 Qh1+ 29. Ke2 Re7+ 30. Kd3 Qh2 31. Kc2 Qf4 32. Kb3 b5 33. Ka2 Qf5 34. Qb1 Qe6+ 35. Bd5 Qc8 36. Qc2 Be5 37. Bxe5 Rxe5 38. Bb3 Rde8 39. Rd7 Re2 40. Rd2 Qc7 41. Rxe2 1-0


[Site "https://www.chess.com"]

[Event "Titled Tuesday Blitz September 27 Early 2022"]
[White "Maltsevskaya, Aleksandra"]
[Black "Pultinevicius, Paulius"]
[WhiteFideId "24174041"]
[BlackFideId "12809390"]
[WhiteElo "2243"]
[BlackElo "2472"]
[Result "0-1"]
[Round "09"]
[TimeControl "180+1"]
[Date "2022.09.27"]
[WhiteClock "0:00:16"]
[BlackClock "0:01:02"]

1. Nf3 d5 2. g3 Nf6 3. d3 g6 4. Nbd2 Bg7 5. Bg2 O-O 6. O-O Nc6 7. e4 e5 8. exd5 Nxd5 9. Nc4 h6 10. Re1 Re8 11. c3 Bf5 12. Nh4 Be6 13. a4 Qd7 14. a5 Rad8 15. Qb3 b6 16. axb6 axb6 17. Qb5 Kh7 18. Ne3 Nde7 19. Rd1 f5 20. Nc4 e4 21. Be3 g5 22. dxe4 Qxd1+ 23. Rxd1 Rxd1+ 24. Bf1 gxh4 25. exf5 Bxf5 26. Nd2 h3 27. Qa4 Re1 28. Nf3 Rb1 29. Nd2 Rxb2 30. Qh4 Ne5 31. Bxh3 Rxd2 32. Bxf5+ Nxf5 33. Qh5 Nxe3 34. fxe3 Rf8 0-1


[Site "https://www.chess.com"]

[Event "Titled Tuesday Blitz September 27 Early 2022"]
[White "Manukian, Artak"]
[Black "Ilkhomi, Jaloliddin"]
[WhiteFideId "13301373"]
[BlackFideId "14700948"]
[WhiteElo "2498"]
[BlackElo "1440"]
[Result "1-0"]
[Round "09"]
[TimeControl "180+1"]
[Date "2022.09.27"]
[WhiteClock "0:00:16"]
[BlackClock "0:00:02"]

1. e4 e6 2. d4 d5 3. e5 c5 4. c3 Qb6 5. Nf3 Bd7 6. a3 Bb5 7. c4 Bxc4 8. Bxc4 dxc4 9. Nbd2 Nd7 10. Nxc4 Qc6 11. Ne3 O-O-O 12. d5 exd5 13. Qxd5 Qxd5 14. Nxd5 Ne7 15. Nxe7+ Bxe7 16. Bf4 Rhe8 17. O-O-O Nf8 18. Rxd8+ Rxd8 19. Bg5 Re8 20. Bxe7 Rxe7 21. Re1 Nd7 22. Kd2 Kc7 23. Kd3 Kc6 24. Ke4 f6 25. Kf4 g5+ 26. Kf5 fxe5 27. Nxg5 h6 28. Ne4 b5 29. Rd1 Rg7 30. g3 h5 31. Rd6+ Kc7 32. Ra6 Kb7 33. Rh6 a5 34. Rxh5 b4 35. axb4 cxb4 36. Rh6 a4 37. Rd6 Nb6 38. Rd2 Kc6 39. h4 Nc4 40. Rc2 Kd5 41. Nf6+ Kd4 42. h5 b3 43. Rc1 a3 44. bxa3 Nxa3 45. h6 Rb7 46. h7 Rb8 47. g4 b2 48. Rd1+ Kc3 49. g5 Kc2 50. Re1 Nc4 51. g6 Nd2 52. g7 Nf3 53. Re2+ Kd3 54. Rxb2 Rxb2 55. g8=Q Rxf2 56. Ke6 Ke2 57. Qg4 Ke3 58. Qe4+ Kd2 59. h8=Q Nd4+ 60. Kd5 Nf3 61. Qh6+ Kd1 62. Qd3+ Ke1 63. Qhe3+ Re2 64. Qdxe2# 1-0


[Site "https://www.chess.com"]

[Event "Titled Tuesday Blitz September 27 Early 2022"]
[White "Matinian, Nikita"]
[Black "Al-Tarboush, Ward"]
[WhiteFideId "24129100"]
[BlackFideId "7601450"]
[WhiteElo "2422"]
[BlackElo "2234"]
[Result "1-0"]
[Round "09"]
[TimeControl "180+1"]
[Date "2022.09.27"]
[WhiteClock "0:00:07"]
[BlackClock "0:00:02"]

1. e4 c5 2. Nf3 Nc6 3. Bb5 e6 4. Bxc6 bxc6 5. d3 Ne7 6. h4 d5 7. Nbd2 h5 8. Qe2 g6 9. Nb3 Bg7 10. O-O Qb6 11. e5 a5 12. Be3 d4 13. Bg5 Nd5 14. Nfd2 Qc7 15. Nxc5 Qxe5 16. Qf3 Qf5 17. Qg3 Be5 18. f4 Bc7 19. Nc4 f6 20. Ne4 Ke7 21. Ne5 fxg5 22. Nxc6+ Kd7 23. Nxd4 Qg4 24. Nc5+ Ke8 25. Qxg4 hxg4 26. Ndxe6 Bxe6 27. Nxe6 Bb6+ 28. d4 Nxf4 29. Rxf4 gxf4 30. c3 Kd7 31. Nxf4 Rxh4 32. Nxg6 Rh5 33. Rf1 Re8 34. Rf7+ Kc6 35. Rf6+ Kb7 36. Kf2 Rh6 37. Rf7+ Ka6 38. Nf4 Rhh8 39. Kg3 Rhf8 40. Rxf8 Rxf8 41. Kxg4 Bc7 42. Ne6 Rg8+ 43. Kf3 Bd6 44. g4 Rg6 45. d5 a4 46. g5 Rg8 47. Ke4 Rb8 48. b4 axb3 49. axb3 Rxb3 50. c4 Rb1 51. c5 Be7 52. d6 Re1+ 53. Kd5 Rd1+ 54. Kc6 1-0


[Site "https://www.chess.com"]

[Event "Titled Tuesday Blitz September 27 Early 2022"]
[White "Matt, Fabian"]
[Black "Korelskiy, Egor"]
[WhiteFideId "1623303"]
[BlackFideId "34329064"]
[WhiteElo "2287"]
[BlackElo "2071"]
[Result "1-0"]
[Round "09"]
[TimeControl "180+1"]
[Date "2022.09.27"]
[WhiteClock "0:00:09"]
[BlackClock "0:00:12"]

1. d4 d5 2. c4 e6 3. Nf3 c6 4. e3 f5 5. Be2 Nf6 6. b3 Bd6 7. O-O Qe7 8. a4 O-O 9. Ba3 Nbd7 10. Qc2 Bxa3 11. Nxa3 Ne4 12. Nb1 e5 13. cxd5 cxd5 14. dxe5 Nxe5 15. Nbd2 Nf6 16. Nxe5 Qxe5 17. Nf3 Qe7 18. Rac1 Bd7 19. Qc5 Qxc5 20. Rxc5 Rac8 21. Rfc1 Ne4 22. Rxc8 Rxc8 23. Rxc8+ Bxc8 24. Kf1 Kf7 25. Nd4 a6 26. f3 Nf6 27. Bd3 g6 28. Ke2 Ke7 29. h3 Kd6 30. g4 fxg4 31. hxg4 Nd7 32. g5 Nc5 33. f4 Bg4+ 34. Kd2 Bd7 35. Bc2 Bg4 36. Kc3 Bd7 37. a5 Bg4 38. b4 Nd7 39. Ba4 b5 40. Bc2 Nf8 41. Nb3 Ne6 42. Kd2 Bh3 43. Bd3 Bg4 44. Ke1 Bh3 45. Kf2 Bg4 46. Kg3 Bd1 47. Nd4 Nf8 48. f5 gxf5 49. Bxf5 Ke5 50. Bc8 Ke4 51. Bxa6 Kxe3 52. Nxb5 d4 53. Nd6 Bc2 54. b5 d3 55. b6 Bb3 56. Bxd3 Kxd3 57. a6 Nd7 58. b7 Bd5 59. a7 Bxb7 60. Nxb7 Nb6 61. Kg4 Ke4 62. Kh5 Kf5 63. Nd6+ Ke6 64. Ne4 Kf7 65. Kh6 Kg8 66. Nf6+ Kh8 67. Nxh7 Nc8 68. Nf6 Nxa7 69. g6 1-0


[Site "https://www.chess.com"]

[Event "Titled Tuesday Blitz September 27 Early 2022"]
[White "Maung, Maung Kyaw Zaw Hein"]
[Black "Szente Varga, Fruzsina"]
[WhiteFideId "13001698"]
[BlackFideId "712264"]
[WhiteElo "1785"]
[BlackElo "1994"]
[Result "0-1"]
[Round "09"]
[TimeControl "180+1"]
[Date "2022.09.27"]
[WhiteClock "0:00:03"]
[BlackClock "0:00:04"]

1. Nf3 Nf6 2. c4 c6 3. Nc3 d5 4. d4 g6 5. cxd5 cxd5 6. Bf4 Bg7 7. e3 O-O 8. Bd3 Nc6 9. O-O Bg4 10. h3 Bxf3 11. Qxf3 e6 12. Rac1 Qb6 13. Qe2 Rac8 14. Na4 Qa5 15. b3 Nb4 16. Bb1 Ne4 17. f3 b5 18. fxe4 bxa4 19. bxa4 Qxa4 20. exd5 Nxd5 21. Bd6 Rfd8 22. Bc5 e5 23. Qf2 Qd7 24. Be4 exd4 25. exd4 Nf6 26. Bf3 Re8 27. Rfe1 Rxe1+ 28. Rxe1 Nd5 29. Qe2 Nf4 30. Qe4 Ne6 31. Rc1 Nxc5 32. dxc5 Bd4+ 33. Kh1 Rxc5 34. Rxc5 Bxc5 35. Qd5 Qe7 36. Qd1 Bd6 37. Qe2 Qf6 38. Qf1 Qf4 39. Qg1 h5 40. Bd5 Kg7 41. Bb3 g5 42. Bd1 g4 43. hxg4 hxg4 44. g3 Qh6+ 45. Kg2 Qh3+ 46. Kf2 Bc5+ 0-1


[Site "https://www.chess.com"]

[Event "Titled Tuesday Blitz September 27 Early 2022"]
[White "Mickiewicz, Piotr"]
[Black "Rosen, Eric"]
[WhiteFideId "1114891"]
[BlackFideId "2032562"]
[WhiteElo "2246"]
[BlackElo "2362"]
[Result "1-0"]
[Round "09"]
[TimeControl "180+1"]
[Date "2022.09.27"]
[WhiteClock "0:00:52"]
[BlackClock "0:00:01"]

1. Nf3 d5 2. g3 Nf6 3. Bg2 b6 4. O-O Bb7 5. d3 e6 6. e4 dxe4 7. Nfd2 Be7 8. Nc3 O-O 9. Ndxe4 Nxe4 10. Nxe4 Nc6 11. Qh5 Nd4 12. Nf6+ Bxf6 13. Bxb7 Rb8 14. Be4 g6 15. Qd1 c5 16. c3 Nf5 17. Qe2 Bg7 18. Bf4 e5 19. Bd2 Qd7 20. a4 Ne7 21. Bg2 Rfd8 22. Rfd1 Qxd3 23. Qxd3 Rxd3 24. Bg5 Rxd1+ 25. Rxd1 f6 26. Rd7 fxg5 27. Rxe7 a6 28. Bd5+ Kh8 29. c4 h5 30. Re6 b5 31. Rxa6 bxa4 32. Rxg6 Rxb2 33. Rxg5 a3 34. Rxh5+ Bh6 35. Rxh6+ Kg7 36. Ra6 a2 37. Kg2 Kf8 38. Ra7 Ke8 39. h4 Kd8 40. h5 Kc8 41. h6 Kb8 42. Ra8+ Kc7 43. Ra7+ Kb6 44. Ra8 Kc7 45. h7 Rb8 46. Rxb8 a1=Q 47. h8=Q Qa6 48. Qd8# 1-0


[Site "https://www.chess.com"]

[Event "Titled Tuesday Blitz September 27 Early 2022"]
[White "Milikow, Yoav"]
[Black "Kodinets, Konstantin L."]
[WhiteFideId "2822237"]
[BlackFideId "4122011"]
[WhiteElo "2341"]
[BlackElo "2447"]
[Result "1-0"]
[Round "09"]
[TimeControl "180+1"]
[Date "2022.09.27"]
[WhiteClock "0:00:07"]
[BlackClock "0:00:02"]

1. d4 d6 2. c4 e5 3. d5 Be7 4. Nc3 Nf6 5. e4 O-O 6. Be2 c6 7. Be3 a6 8. a4 a5 9. Nf3 Na6 10. Nd2 Nd7 11. Nf3 Ndc5 12. O-O f5 13. exf5 Bxf5 14. Re1 h6 15. h3 Qb6 16. Qd2 Qb4 17. Ra3 Nb3 18. Qd1 Nbc5 19. Qd2 Ne4 20. Qc1 Nac5 21. Nd2 Nxd2 22. Qxd2 Ne4 23. Qc1 Nc5 24. Na2 Qb6 25. Qd2 Bg5 26. Bxg5 hxg5 27. Qxg5 Ne4 28. Qe3 Qxb2 29. Bf3 Nxf2 30. Re2 Qa1+ 31. Kxf2 e4 32. Nc1 Qf6 33. Kg1 exf3 34. Qxf3 Bg6 35. Qxf6 Rxf6 36. Rae3 Rf7 37. Kh2 Kh7 38. Nb3 cxd5 39. cxd5 b6 40. Nd4 Rc8 41. Ne6 Rc4 42. Ng5+ Kh6 43. Nxf7+ Bxf7 44. Re7 Bxd5 45. Rd2 Rc5 46. Rd7 Bb3 47. R7xd6+ g6 48. R2d4 b5 49. Rh4+ Rh5 50. Rg4 Rg5 51. Rxg5 Kxg5 52. axb5 a4 53. b6 a3 54. b7 a2 55. Ra6 1-0


[Site "https://www.chess.com"]

[Event "Titled Tuesday Blitz September 27 Early 2022"]
[White "Miszler, Levente"]
[Black "Hansen, Eric"]
[WhiteFideId "763276"]
[BlackFideId "2606771"]
[WhiteElo "1966"]
[BlackElo "2568"]
[Result "0-1"]
[Round "09"]
[TimeControl "180+1"]
[Date "2022.09.27"]
[WhiteClock "0:00:17"]
[BlackClock "0:00:34"]

1. Nf3 d5 2. c4 e6 3. g3 Be7 4. Bg2 Nf6 5. O-O O-O 6. d4 c6 7. Nc3 Nbd7 8. b3 b6 9. Bb2 Ba6 10. Nd2 b5 11. cxb5 cxb5 12. a3 Rc8 13. b4 Nb6 14. Nb3 Nc4 15. Bc1 Qb6 16. Nc5 Bb7 17. Bg5 Rfd8 18. Qb3 Bc6 19. a4 bxa4 20. N3xa4 Qb8 21. Rfc1 h6 22. Bxf6 Bxf6 23. e3 e5 24. dxe5 Qxe5 25. Ra2 Rb8 26. Nd3 Qf5 27. Nac5 a5 28. Qc2 axb4 29. Nxb4 Qxc2 30. Nxc2 Rb5 31. Nd3 Rb3 32. Nd4 Bxd4 33. exd4 Rxd3 34. Rxc4 Rd1+ 0-1


[Site "https://www.chess.com"]

[Event "Titled Tuesday Blitz September 27 Early 2022"]
[White "Mladek, Richard"]
[Black "Kislov, Oleg"]
[WhiteFideId "386588"]
[BlackFideId "13503774"]
[WhiteElo "2263"]
[BlackElo "2185"]
[Result "0-1"]
[Round "09"]
[TimeControl "180+1"]
[Date "2022.09.27"]
[WhiteClock "0:00:30"]
[BlackClock "0:00:13"]

1. d4 Nf6 2. c4 e6 3. Nf3 d5 4. Nc3 Bb4 5. Qa4+ Nc6 6. e3 Bd7 7. Qc2 O-O 8. Bd2 dxc4 9. Bxc4 Bd6 10. e4 e5 11. dxe5 Nxe5 12. Nxe5 Bxe5 13. O-O-O Qe7 14. Bg5 h6 15. Nd5 Qd8 16. Bxf6 gxf6 17. f4 Bd6 18. e5 fxe5 19. fxe5 Qg5+ 20. Kb1 Qxe5 21. Rhe1 Qg7 22. Ne7+ Kh8 23. Nd5 Rae8 24. Rf1 Be5 25. Nxc7 Re7 26. Nd5 Ree8 27. a3 Be6 28. Qb3 b5 29. Be2 Rd8 30. Bf3 a6 31. Rd2 Rd6 32. Rfd1 Rfd8 33. Qb4 Bxh2 34. Ka1 Be5 35. Be4 Qg5 36. Rd3 Bg7 37. Nc7 Rxd3 38. Rxd3 Qc1# 0-1


[Site "https://www.chess.com"]